 Dungeon Crawl Stone Soup version 0.19.5 (webtiles) character file.

7952 Ponchio the Infuser (level 11, -3/54 HPs)
             Began as a Deep Elf Conjurer on Mar 30, 2017.
             Was an Elder of Vehumet.
             Slain by an eight-headed hydra (13 damage)
             ... on level 10 of the Dungeon.
             The game lasted 01:24:04 (17127 turns).

Ponchio the Infuser (Deep Elf Conjurer)            Turns: 17127, Time: 01:24:04

Health: -3/54      AC: 11    Str: 10 (11) XL:     11   Next: 3%
Magic:  21/29      EV: 11    Int: 32      God:    Vehumet [****..]
Gold:   460        SH:  4    Dex: 15      Spells: 4 memorised, 22 levels left

rFire  . . .     SeeInvis .     i - +1 dagger (protect)
rCold  + + .     Gourm    .     B - +0 ring mail "Kemal" {rF- Str+6 Int+3}
rNeg   . . .     Faith    .     (no shield)
rPois  .         Spirit   .     O - +2 helmet {Int+3}
rElec  .         Reflect  .     H - +0 cloak
rCorr  .         Harm     .     (no gloves)
MR     +....     Rnd*Rage +     (no boots)
Stlth  +.........               (no amulet)
                                (no ring)
                                I - ring of protection from fire

@: no status effects
A: large bone plates 1, yellow scales 1, berserk 2, blurry vision 1, clever 1,
cold resistance 2, deterioration 1
a: Renounce Religion


You were on level 10 of the Dungeon.
You worshipped Vehumet.
Vehumet was greatly pleased with you.
You were hungry.

You visited 2 branches of the dungeon, and saw 11 of its levels.
You also visited: Ossuary.

You collected 460 gold pieces.

Inventory:

Hand Weapons
 i - a +1 dagger of protection (weapon)
 q - a +3 dagger of venom
Missiles
 y - 2 silver javelins (quivered)
 E - 4 steel tomahawks
Armour
 B - the +0 ring mail "Kemal" (worn) {rF- Str+6 Int+3}
   (You found it on level 5 of the Dungeon)

   It affects your strength (+6).
   It affects your intelligence (+3).
   It makes you vulnerable to fire.
 H - a +0 cloak (worn)
 O - a +2 helmet of intelligence (worn)
Jewellery
 I - a ring of protection from fire (left hand)
Wands
 o - a wand of digging (12/24)
 J - a wand of digging (11/24)
 K - a wand of teleportation (7/9)
 S - a wand of paralysis (15/24)
Scrolls
 e - 9 scrolls of teleportation
 l - 7 scrolls of remove curse
 t - 3 scrolls of enchant weapon
 u - 5 scrolls of enchant armour
 v - 5 scrolls of magic mapping
 L - 2 scrolls of recharging
 N - a scroll of amnesia
 P - a scroll of fear
Potions
 d - 7 potions of lignification
 f - 4 potions of might
 h - a potion of berserk rage
 j - 2 potions of agility
 k - a potion of ambrosia
 m - 2 potions of flight
 n - 2 potions of resistance
 p - 5 potions of degeneration
 r - 2 potions of heal wounds
 w - 3 potions of cancellation
 x - 2 potions of cure mutation {unknown}
 z - a potion of brilliance {unknown}
 D - 6 potions of curing
 F - 2 potions of magic {unknown}
Books
 b - a book of Conjurations

   Spells                             Type                      Level
   a - Magic Dart                     Conjuration                  1
   b - Searing Ray                    Conjuration                  2
   c - Dazzling Spray                 Conjuration/Hexes            3
   d - Fulminant Prism                Conjuration/Hexes            4
   e - Iskenderun's Mystic Blast      Conjuration                  4
   f - Iskenderun's Battlesphere      Conjuration/Charms           5
 g - a book of Battle

   Spells                             Type                      Level
   a - Infusion                       Charms                       1
   b - Shroud of Golubria             Charms/Translocation         2
   c - Song of Slaying                Charms                       2
   d - Spectral Weapon                Hexes/Charms                 3
   e - Regeneration                   Charms/Necromancy            3
 s - a book of Changes

   Spells                             Type                      Level
   a - Beastly Appendage              Transmutation                1
   b - Sticks to Snakes               Transmutation                2
   c - Spider Form                    Transmutation/Poison         3
   d - Ice Form                       Ice/Transmutation            4
   e - Blade Hands                    Transmutation                5
 M - a Young Poisoner's Handbook

   Spells                             Type                      Level
   a - Sting                          Conjuration/Poison           1
   b - Mephitic Cloud                 Conjuration/Poison/Air       3
   c - Olgreb's Toxic Radiance        Poison                       4
   d - Alistair's Intoxication        Transmutation/Poison         5
   e - Venom Bolt                     Conjuration/Poison           5
Comestibles
 a - 7 royal jellies
 c - 8 bread rations
 A - a beef jerky
 C - 8 fruits
 G - a meat ration
 R - a slice of pizza


   Skills:
 - Level 2.4 Dodging
 - Level 2.4 Stealth
 + Level 12.4 Spellcasting
 * Level 12.2 Conjurations
 + Level 12.7 Charms


You had 22 spell levels left.
You knew the following spells:

 Your Spells              Type           Power        Failure   Level  Hunger
a - Magic Dart            Conj           ####         1%          1    None
b - Dazzling Spray        Conj/Hex       ######       1%          3    None
c - Iskenderun's Battles  Conj/Chrm      #######.     1%          5    #......
d - Spider Form           Tmut/Pois      ###.......   21%         3    None


Dungeon Overview and Level Annotations

Branches:
Dungeon (10/15)            Temple (1/1) D:5             Orc (0/2) D:10
   Lair: D:8-11

Altars:
Ashenzari
Cheibriados
Dithmenos
Elyvilon
Fedhas
Gozag
Hepliaklqana
Kikubaaqudgha
Makhleb
Nemelex Xobeh
Okawaru
Qazlal
Ru
Sif Muna
Trog
Uskayaw
Vehumet
Xom
Yredelemnul
Zin
The Shining One

Shops:
D:7 (


Innate Abilities, Weirdness & Mutations

You are partially covered in large bone plates. (SH +4)
You are partially covered in yellow scales. (AC +2)
You often lose your temper in combat.
Scrolls take you a little longer to read.
Your mind is acute. (Int +2)
Your flesh is very cold resistant. (rC++)
Your body sometimes deteriorates upon taking damage.


Message History

Casting: Magic Dart
Confirm with . or Enter, or press ? or * to list all spells.
Aiming: Magic Dart
Press: ? - help, Shift-Dir - straight line, f/p - eight-headed hydra
Aim: an eight-headed hydra (severely wounded)
The magic dart hits the eight-headed hydra.
The eight-headed hydra is almost dead.
Your battlesphere fires!
The barrage of energy hits the eight-headed hydra.
The eight-headed hydra is almost dead.
The eight-headed hydra bites you but does no damage.
The eight-headed hydra bites you!
Your body deteriorates!
You feel weakened.
The eight-headed hydra closely misses you.
The eight-headed hydra bites you!
* * * LOW HITPOINT WARNING * * *
The eight-headed hydra bites you.
* * * LOW HITPOINT WARNING * * *
The eight-headed hydra bites you!
You die...

#..##.(...######
#......)))
##.#####)## #.
######(..### #.#
#.# .. .P.≈≈##'##
#.## #.# .#
.≈P!≈;#.# #..# #.#
.# ..P.$;#.#
###.####.## ##≈#
.≈.?≈≈#§#
.........<# #≈≈#
.P!≈≈##≈#
.##..###.#######D#
########†## .###.#
#......#.@#
.P.?≈##≈## .# #.#
#.####.#.#+
..P.≈;#.# .#
#.###.# #*#
..≈$≈≈#.# .#
#..##.# #≈#
..P)≈≈#.# .#
##.##.# #≈##
..≈.≈##.# .#
#..#.#
##.########≈##
.#####.#.##
##..)≈(≈≈(##
..........#
##########
######.#..#


You could see an eight-headed hydra and a friendly battlesphere.

Vanquished Creatures
  A queen bee (D:8)
  A troll (D:9)
  Grinder (D:6)
  A hornet (D:8)
  A two-headed ogre (D:8)
  A hippogriff (D:9)
  A wyvern (D:9)
  Eustachio (D:4)
  A hungry ghost (D:7)
  Edmund (D:6)
  A water moccasin (D:7)
  Duvessa (D:6)
  4 orc warriors
  3 ice beasts
  A black bear (D:7)
  3 sky beasts
  4 phantoms
  A necrophage (D:10)
  7 centaurs
  Blork the orc (D:5)
  2 bullfrogs
  2 big kobolds
  Dowan (D:6)
  6 scorpions
  4 wights (D:6)
  23 killer bees
  6 howler monkeys
  6 crimson imps
  A bullfrog zombie (D:6)
  3 jellies
  8 orc priests
  3 hounds
  12 orc wizards
  An iguana (D:7)
  Crazy Yiuf (D:6)
  A bullfrog skeleton (D:5)
  9 worker ants
  13 mummies (Ossuary)
  A howler monkey zombie (D:7)
  A worker ant zombie (D:5)
  7 adders
  13 gnolls
  A howler monkey skeleton (D:5)
  5 shadow imps
  3 oozes
  3 adder skeletons
  6 worms
  4 dart slugs
  4 leopard geckos
  53 orcs
  2 ball pythons (D:3)
  4 bats
  9 giant cockroaches
  4 hobgoblins
  7 jackals
  25 kobolds
  A quokka (D:2)
  5 frilled lizards
  6 goblins
  3 goblin skeletons (Ossuary)
  3 kobold skeletons (Ossuary)
  A leopard gecko skeleton (D:8)
  A leopard gecko zombie (D:5)
  2 orc skeletons (Ossuary)
  A quokka skeleton (D:5)
  A quokka zombie (D:6)
  13 rats
  11 rat skeletons (Ossuary)
338 creatures vanquished.

Notes
Turn   | Place    | Note
-------+----------+-------------------------------------------
     0 | D:1      | Ponchio the Deep Elf Conjurer began the quest for the Orb.
     0 | D:1      | Reached XP level 1. HP: 10/10 MP: 6/6
   268 | D:1      | Reached XP level 2. HP: 15/15 MP: 0/9
  1599 | D:2      | Reached XP level 3. HP: 19/19 MP: 6/11
  1604 | D:2      | Reached skill level 5 in Spellcasting
  1650 | D:2      | Learned a level 3 spell: Dazzling Spray
  2261 | D:2      | Reached XP level 4. HP: 24/24 MP: 9/14
  2385 | D:2      | Found a sparkling altar of Nemelex Xobeh.
  2756 | D:2      | Found a sparkling altar of Nemelex Xobeh.
  3154 | D:2      | Found a sparkling altar of Nemelex Xobeh.
  3782 | D:3      | Reached XP level 5. HP: 28/28 MP: 7/16
  3923 | D:3      | Learned a level 5 spell: Iskenderun's Battlesphere
  3992 | D:3      | Learned a level 3 spell: Spider Form
  4004 | D:3      | Reached skill level 1 in Charms
  4779 | D:3      | Reached XP level 6. HP: 32/32 MP: 14/18
  5455 | D:4      | Found a sand-covered staircase.
  5460 | Ossuary  | Entered an ossuary
  5599 | Ossuary  | Reached skill level 5 in Charms
  6493 | Ossuary  | Identified a scroll of acquirement
  6519 | Ossuary  | Gained mutation: You are robust. (+10% HP) [potion of mutation]
  6519 | Ossuary  | Gained mutation: You tend to lose your temper in combat. [potion of mutation]
  6519 | Ossuary  | Gained mutation: Your flesh is cold resistant. (rC+) [potion of mutation]
  6678 | D:4      | Noticed Eustachio
  6687 | D:4      | Killed Eustachio
  6687 | D:4      | Reached XP level 7. HP: 31/39 MP: 8/19
  7268 | D:4      | Reached skill level 5 in Conjurations
  7940 | D:5      | Entered Level 5 of the Dungeon
  8359 | D:5      | Noticed Blork the orc
  8402 | D:5      | Reached XP level 8. HP: 45/45 MP: 11/20
  8470 | D:5      | Killed Blork the orc
  9010 | D:5      | Found a staircase to the Ecumenical Temple.
  9016 | Temple   | Entered the Ecumenical Temple
  9089 | Temple   | Became a worshipper of Vehumet
  9731 | D:5      | Found a staircase to the Ecumenical Temple.
  9853 | D:5      | Got a transparent ring mail
  9864 | D:5      | Identified the cursed +0 ring mail "Kemal" {rF- Str+6 Int+3} (You found it on level 5 of the Dungeon)
 10123 | D:6      | Noticed Edmund
 10139 | D:6      | Killed Edmund
 10308 | D:6      | Gained mutation: You are clumsy. (Dex -2) [mutagenic meat]
 10309 | D:6      | Gained mutation: You are partially covered in yellow scales. (AC +2) [mutagenic meat]
 10354 | D:6      | Found an opulent altar of Gozag.
 10390 | D:6      | Noticed Grinder
 10394 | D:6      | Killed Grinder
 10394 | D:6      | Reached XP level 9. HP: 49/49 MP: 16/24
 10474 | D:6      | Found a runed door.
 10479 | D:6      | Noticed Crazy Yiuf
 10483 | D:6      | Killed Crazy Yiuf
 10578 | D:6      | Noticed Duvessa
 10581 | D:6      | Noticed Dowan
 10583 | D:6      | Killed Duvessa
 10588 | D:6      | Killed Dowan
 10588 | D:6      | Reached * piety under Vehumet
 10588 | D:6      | Offered knowledge of Freeze by Vehumet.
 10735 | D:6      | Reached skill level 10 in Conjurations
 11281 | D:6      | Found an opulent altar of Gozag.
 11443 | D:7      | Reached skill level 10 in Spellcasting
 11454 | D:7      | Reached skill level 10 in Charms
 11573 | D:7      | Got a steaming leather armour
 11584 | D:7      | Identified the +2 leather armour "Dutaud" {rC- Regen+ Str+10 Int-4} (You found it on level 7 of the Dungeon)
 11908 | D:7      | Found Vuisorat's Weapon Shop.
 11969 | D:7      | Reached ** piety under Vehumet
 11994 | D:7      | Offered knowledge of Shock by Vehumet.
 12697 | D:7      | Reached XP level 10. HP: 43/55 MP: 14/26
 13021 | D:7      | Found Vuisorat's Weapon Shop.
 14421 | D:8      | Offered knowledge of Static Discharge by Vehumet.
 14584 | D:8      | Reached *** piety under Vehumet
 15038 | D:8      | Offered knowledge of Sticky Flame by Vehumet.
 15843 | D:9      | Gained mutation: Your body sometimes deteriorates upon taking damage. [mutagenic meat]
 15844 | D:9      | Gained mutation: Your flesh is very cold resistant. (rC++) [mutagenic meat]
 15845 | D:9      | Gained mutation: You are partially covered in large bone plates. (SH +4) [mutagenic meat]
 15847 | D:9      | Lost mutation: You are robust. (+10% HP) [mutagenic meat]
 16721 | D:10     | Entered Level 10 of the Dungeon
 16798 | D:10     | Reached **** piety under Vehumet
 16817 | D:10     | Gained mutation: Scrolls take you a little longer to read. [mutagenic meat]
 16818 | D:10     | Gained mutation: Your mind is acute. (Int +2) [mutagenic meat]
 16819 | D:10     | Lost mutation: You are clumsy. (Dex -2) [mutagenic meat]
 16820 | D:10     | Gained mutation: You often lose your temper in combat. [mutagenic meat]
 16833 | D:10     | Offered knowledge of Lee's Rapid Deconstruction by Vehumet.
 16833 | D:10     | Reached XP level 11. HP: 54/54 MP: 17/29
 16933 | D:10     | Found a staircase to the Orcish Mines.
 17121 | D:10     | Noticed an eight-headed hydra
 17127 | D:10     | Slain by an eight-headed hydra

Skill      XL: |  1  2  3  4  5  6  7  8  9 10 |
---------------+-------------------------------+-----
Spellcasting   | 4 6 7 9 10 12 | 12.4
Charms         | 4 8 10 12 | 12.7
Conjurations   | 7 9 10 12 | 12.2
Dodging        | |  2.4
Stealth        | |  2.4

Action                   |  1- 3 |  4- 6 |  7- 9 | 10-12 || total
-------------------------+-------+-------+-------+-------++-------
Melee: Dagger            |     2 |    10 |       |       ||    12
       Unarmed           |       |     7 |       |       ||     7
 Cast: Magic Dart        |   101 |   203 |   237 |   185 ||   726
       Dazzling Spray    |       |     3 |     1 |       ||     4
       Spider Form       |       |     3 |       |       ||     3
       Iskenderun's Batt |       |    13 |    42 |    34 ||    89
  Use: Scroll            |     6 |    13 |     3 |     6 ||    28
       Potion            |       |     1 |       |     2 ||     3
 Stab: Distracted        |       |     1 |       |       ||     1
  Eat: Chunk             |     4 |     9 |    20 |    18 ||    51
       Beef jerky        |       |     2 |     1 |     1 ||     4
       Fruit             |       |     5 |       |       ||     5
       Meat ration       |       |     1 |       |     1 ||     2
       Bread ration      |       |       |     1 |       ||     1
       Royal jelly       |       |       |     1 |       ||     1
       Pizza             |       |       |       |     1 ||     1
Armor: Robe              |     1 |     4 |       |       ||     5
       Ring mail         |       |       |     7 |    27 ||    34
Dodge: Dodged            |     3 |    31 |    25 |    43 ||   102
Block: Other             |       |       |       |     1 ||     1
